 Dungeon Crawl Stone Soup version 0.31-a0-219-g8d62b2e7bb (webtiles) character file.

Game seed: 17320700932813046963

289 qw the Chopper (level 6, -5/38 HPs)
             Began as a Gargoyle Fighter on July 3, 2023.
             Slain by Edmund
             ... wielding a +0 flail of protection
              (12 damage)
             ... on level 4 of the Dungeon.
             The game lasted 00:01:21 (3248 turns).

qw the Chopper (Gargoyle Fighter)                   Turns: 3248, Time: 00:01:21

Health: -5/38      AC:  0    Str: 21    XL:     6   Next: 31%
Magic:  6/6        EV: 18    Int:  9    God:
Gold:   216        SH:  0    Dex: 14    Spells: 5/5 levels left

rFire   . . .        Y - melded +1 war axe
rCold   . . .        c - melded +0 buckler
rNeg    + . .        b - melded +0 scale mail
rPois   inf          (helmet currently unavailable)
rElec   .            (cloak currently unavailable)
rCorr   .            (gloves currently unavailable)
SInv    .            (boots currently unavailable)
Will    .....        (no amulet)
Stlth   +            (ring currently unavailable)
HPRegen 0.26/turn    (ring currently unavailable)
MPRegen 0.10/turn

%: no passive effects
@: bat-form (expiring), flying, very quick
A: fast, flying, no casting, sickness immunity, AC +4, tiny, negative energy
resistance 1, (electricity resistance), torment resistance 1, petrification
resistance
a: no special abilities


You were on level 4 of the Dungeon.
You were a bat.
You visited 1 branch of the dungeon, and saw 4 of its levels.

You collected 216 gold pieces.


Innate Abilities, Weirdness & Mutations

You are a bat.
You are tiny and dextrous.
You move quickly.
You are flying.
Your equipment is almost entirely melded.
You are incapable of wielding weapons or throwing items.
You cannot cast spells.
You are immune to sickness and miasma.
((Your stone body is resilient. (AC +4)))
You are immune to poison.
You resist negative energy. (rN+)
((You are resistant to electric shocks. (rElec)))
You are resistant to unholy torment.
You are immune to petrification.


   Skills:
 - Level 4.2 Fighting
 + Level 5.1 Axes
 - Level 3.2 Armour
 - Level 1.3 Dodging
 - Level 3.2 Shields


You had 5 spell levels left.
You didn't know any spells.
Your spell library was empty.

Inventory:

Hand Weapons
 i - a +0 whip
 Y - a +1 war axe (melded)
Missiles
 n - 2 boomerangs
Armour
 b - a +0 scale mail (melded)
 c - a +0 buckler (melded)
Scrolls
 j - a scroll of poison {unknown}
 k - 4 scrolls of identify
 m - a scroll of revelation {unknown}
Potions
 d - a potion of might
 f - 3 potions of lignification {unknown}
 g - a potion of magic {unknown}
 h - a potion of curing
 l - a potion of invisibility {unknown}
 o - a potion of brilliance {unknown}

Dungeon Overview and Level Annotations

Branches:
Dungeon (4/15)
 Temple: D:4-7

Altars:
Trog
Zin

Shops:
D:2 [

Annotations:
D:4 Edmund


Message History

You hit Edmund but do no damage.
Edmund is heavily wounded.
Edmund hits you with a +0 flail of protection!
3237 ||| DRINKING potion of heal wounds.
You feel much better. Edmund closely misses you.
You hit Edmund but do no damage.
Edmund is heavily wounded.
Edmund hits you with a +0 flail of protection.
You hit Edmund but do no damage.
Edmund is heavily wounded.
You hit Edmund.
Edmund is heavily wounded.
Edmund hits you with a +0 flail of protection!
You hit Edmund but do no damage.
Edmund is heavily wounded.
Edmund hits you with a +0 flail of protection.
You hit Edmund but do no damage.
Edmund is heavily wounded.
Edmund barely misses you.
You hit Edmund but do no damage.
Edmund is heavily wounded.
Edmund completely misses you.
You hit Edmund.
Edmund is heavily wounded.
Edmund closely misses you.
You hit Edmund but do no damage.
Edmund is heavily wounded.
Edmund closely misses you.
You hit Edmund but do no damage.
Edmund is heavily wounded.
Edmund hits you with a +0 flail of protection.
You hit Edmund but do no damage.
Edmund is heavily wounded.
Your transformation is almost over.
Edmund closely misses you.
You barely miss Edmund.
Edmund is heavily wounded.
Edmund hits you with a +0 flail of protection!
You die...

#....# #....#
#.########.##
#....######....# #..#
#....###
#.........#....####.#
#....+..
##..................#
#....###
#........#.......#.#
#..).#
#........#.......#.#
#....#
#........#.###...#.#
#....# #........#.#
#@..#.# #....#
#........#.# #b..#.#
###### ##########.#
#...#.# #.###...#.#.#
#...........#
#####...#.###
#....... #...#####
#####


You could see Edmund.

Vanquished Creatures
  2 orc priests (D:4)
  3 iguanas (D:4)
  2 orc wizards (D:4)
  3 adders
  3 worms
  2 dart slugs
  4 orcs (D:4)
  9 ball pythons
  7 bats
  5 endoplasms
  2 giant cockroaches
  2 goblins (D:3)
  A hobgoblin (D:2)
  4 jackals
  2 quokkas (D:4)
  6 frilled lizards
  4 kobolds
  7 rats
68 creatures vanquished.

Notes
Turn   | Place    | Note
-------+----------+-------------------------------------------
     0 | D:1      | qw the Gargoyle Fighter began the quest for the Orb.
     0 | D:1      | Reached XP level 1. HP: 14/14 MP: 1/1
     0 | D:1      | 0 ||| qw: Version: 0.3-a-40-ge99b1a8
     0 | D:1      | 0 ||| qw: Game counter: 358
     0 | D:1      | 0 ||| qw: Melee chars always use a shield: true
     0 | D:1      | 0 ||| qw: God list: Okawaru
     0 | D:1      | 0 ||| qw: Allow faded altars: false
     0 | D:1      | 0 ||| qw: Do Orc after clearing Dungeon:15 true
     0 | D:1      | 0 ||| qw: Do second Lair branch before Depths: true
     0 | D:1      | 0 ||| qw: Lair rune preference: random
     0 | D:1      | 0 ||| qw: Goals: Normal, Zot:1-4, Slime:5, God:TSO, Crypt,
                  | Tomb, Abyss, Pan, Hells, Win
     0 | D:1      | 0 ||| PLANNING D:1-11
    94 | D:1      | Reached skill level 2 in Axes
   232 | D:1      | Reached XP level 2. HP: 19/19 MP: 2/2
   419 | D:1      | 419 ||| Stepping ~*~*~tactically~*~*~ (hiding).
   581 | D:1      | 581 ||| Stepping ~*~*~tactically~*~*~ (hiding).
   589 | D:1      | Reached skill level 3 in Axes
   597 | D:1      | Reached XP level 3. HP: 23/23 MP: 3/3
   600 | D:1      | 600 ||| DROPPING +0 club.
   758 | D:1      | 758 ||| READING 2 scrolls labelled NUT ELOMOING.
   770 | D:2      | Found Utsing Luifa's Antique Armour Boutique.
   775 | D:2      | 775 ||| SHOPLISTING cloak (121 gold, have 73).
   775 | D:2      | 775 ||| SHOPLISTING shiny kite shield (202 gold, have 73).
   983 | D:2      | 983 ||| Stepping ~*~*~tactically~*~*~ (hiding).
  1310 | D:2      | Found a glowing silver altar of Zin.
  1465 | D:2      | 1465 ||| READING 2 scrolls labelled OCVITO LECE.
  1566 | D:2      | 1566 ||| READING scroll labelled SINELUCOXI.
  1567 | D:2      | 1567 ||| READING 2 scrolls labelled LOAWNAM GYRCHOTS.
  1568 | D:2      | 1568 ||| READING scroll labelled XUKHU OCWUMEOV.
  1569 | D:2      | 1569 ||| DRINKING 2 grey potions.
  1570 | D:2      | 1570 ||| DROPPING scroll of silence.
  1637 | D:3      | 1637 ||| Stepping ~*~*~tactically~*~*~ (stealth).
  1639 | D:3      | 1639 ||| Stepping ~*~*~tactically~*~*~ (stealth).
  1702 | D:3      | Reached XP level 4. HP: 28/28 MP: 4/4
  1853 | D:3      | 1853 ||| Stepping ~*~*~tactically~*~*~ (hiding).
  2067 | D:3      | Reached skill level 4 in Axes
  2386 | D:3      | 2386 ||| READING scroll labelled MITUTI MAOCHONUSU.
  2387 | D:3      | 2387 ||| READING 2 scrolls labelled ORULIE AMNOHOA.
  2388 | D:3      | 2388 ||| DRINKING 2 murky yellow potions.
  2389 | D:3      | 2389 ||| DROPPING scroll of vulnerability.
  2471 | D:4      | 2471 ||| Stepping ~*~*~tactically~*~*~ (hiding).
  2473 | D:4      | 2473 ||| Stepping ~*~*~tactically~*~*~ (hiding).
  2474 | D:4      | 2474 ||| Stepping ~*~*~tactically~*~*~ (hiding).
  2475 | D:4      | 2475 ||| Stepping ~*~*~tactically~*~*~ (hiding).
  2476 | D:4      | 2476 ||| Stepping ~*~*~tactically~*~*~ (hiding).
  2479 | D:4      | 2479 ||| Stepping ~*~*~tactically~*~*~ (hiding).
  2490 | D:4      | Reached XP level 5. HP: 18/32 MP: 5/5
  2644 | D:4      | 2644 ||| Stepping ~*~*~tactically~*~*~ (hiding).
  2645 | D:4      | 2645 ||| Stepping ~*~*~tactically~*~*~ (hiding).
  2655 | D:4      | 2655 ||| Stepping ~*~*~tactically~*~*~ (hiding).
  2661 | D:4      | Reached skill level 5 in Axes
  2739 | D:4      | Found a bloodstained altar of Trog.
  2801 | D:4      | Reached XP level 6. HP: 38/38 MP: 6/6
  3080 | D:4      | Reached skill level 1 in Dodging
  3138 | D:4      | Noticed Edmund
  3143 | D:4      | 3143 ||| READING scroll of teleportation.
  3236 | D:4      | HP: 7/38 [Edmund/+0 flail of protection (9)]
  3237 | D:4      | 3237 ||| DRINKING potion of heal wounds.
  3246 | D:4      | HP: 7/38 [Edmund/+0 flail of protection (6)]
  3248 | D:4      | Slain by Edmund

Levels and vault maps discovered:
D:1:      psy_arrival_radial01, layout_basic
D:2:      minmay_wonky_spiral, layout_basic, serial_shops, shop, basic_altar
D:3:      layout_basic
D:4:      layout_basic, trog_book, uniq_edmund

Skill      XL: |  1  2  3  4  5  6 |
---------------+-------------------+-----
Axes           | 2 3 4 5 |  5.1
Fighting       | 4 |  4.2
Dodging        | 1 |  1.3
Armour         | |  3.2
Shields        | |  3.2

Action                     |  1- 3 |  4- 6 || total
---------------------------+-------+-------++-------
  Melee: War axe           |   126 |    74 ||   200
         Unarmed           |       |    25 ||    25
    Use: Scroll            |     5 |     3 ||     8
         Potion            |     1 |     2 ||     3
 Armour: Scale mail        |    53 |    26 ||    79
  Dodge: Dodged            |    65 |    44 ||   109
  Block: Buckler           |    26 |    15 ||    41

Table legend:
 A = Non-vault XP
 B = Vault XP
 C = Vault XP percentage of total XP
 D = Non-vault monster count
 E = Vault monster count
 F = Vault count percentage of total count
                 A         B        C        D         E       F
            +---------+---------+-------+---------+---------+-------
      Total |     404 |       9 |   2.2 |      64 |       4 |   5.9
            +---------+---------+-------+---------+---------+-------
        D:1 |      35 |       0 |   0.0 |      22 |       0 |   0.0
        D:2 |      35 |       9 |  20.5 |      13 |       4 |  23.5
        D:3 |      38 |       0 |   0.0 |      10 |       0 |   0.0
        D:4 |     296 |       0 |   0.0 |      19 |       0 |   0.0
            +---------+---------+-------+---------+---------+-------
